 Dungeon Crawl Stone Soup version 0.31-a0-810-ga77100ea1a (webtiles) character file.

Game seed: 1962984576864148699

46 javelincjr the Ruffian (level 3, -8/26 HPs)
             Began as a Demonspawn Shapeshifter on Sept 21, 2023.
             Splashed by a jelly's acid (9 damage)
             ... on level 1 of the Dungeon.
             The game lasted 00:01:52 (855 turns).

javelincjr the Ruffian (Demonspawn Shapeshifter)     Turns: 855, Time: 00:01:52

Health: -8/26      AC: -9    Str: 16    XL:     3   Next: 46%
Magic:  3/3        EV: 12    Int: 11    God:
Gold:   66         SH:  0    Dex: 12    Spells: 2/2 levels left

rFire   . .          .
                       - Unarmed
rCold   . . .        (no shield)
rNeg    . . .        l - +0 leather armour
rPois   .            (helmet currently unavailable)
rElec   .            (cloak currently unavailable)
rCorr   .            (gloves currently unavailable)
SInv    .            (boots currently unavailable)
Will    .....        (no amulet)
Stlth   +            (no ring)
HPRegen 0.24/turn    (no ring)
MPRegen 0.08/turn

%: no passive effects
@: beast-form, corroded
A: beast (slay +1), claws 1
a: Begin Untransformation


You were on level 1 of the Dungeon.
You were a hulking beast.
You visited 1 branch of the dungeon, and saw 1 of its levels.

You collected 66 gold pieces.

Inventory:

Armour
 a - a +0 animal skin
 k - a +0 helmet
 l - a +0 leather armour (worn)
Talismans
 c - a beast talisman (active)
 d - a flux talisman
 g - a dragon-blood talisman
Scrolls
 e - a scroll of noise {unknown}
 h - a scroll of teleportation {unknown}
 i - 3 scrolls of vulnerability {unknown}
Potions
 b - a potion of lignification
 f - 2 potions of cancellation {unknown}
 j - a potion of resistance {unknown}


   Skills:
 + Level 1.6 Fighting
 + Level 0.0 Armour
 + Level 2.1 Dodging
 * Level 3.2 Unarmed Combat
 * Level 3.1 Shapeshifting


You had 2 spell levels left.
You didn't know any spells.
Your spell library contained the following spells:

 Spells                   Type           Power      Damage    Failure   Level
 Shock                    Conj/Air       0%         1d3       41%         1
 Slow                     Hex            0%         N/A       41%         1
 Confusing Touch          Hex            0%         N/A       78%         3
 Sigil of Binding         Hex            0%         N/A       78%         3
 Swiftness                Air            0%         N/A       78%         3
 Vampiric Draining        Necr           0%         2d6       78%         3
 Airstrike                Air            0%         2d(0-16)  99%         4


Dungeon Overview and Level Annotations

Branches:
Dungeon (1/15)

Altars:


Innate Abilities, Weirdness & Mutations

You are a hulking beast.
Your limbs bulge with bestial killing power. (Slay +1)
You have sharp fingernails.


Message History

The endoplasm is almost dead.
The endoplasm hits you but does no damage.
You scratch the endoplasm.
You kill the endoplasm!
You claw the rat!
You kill the rat!
You claw the worm!
The worm is moderately wounded.
You scratch the worm but do no damage.
The worm is moderately wounded.
The worm closely misses you.
You barely miss the worm.
The worm is moderately wounded.
The worm closely misses you.
You claw the worm!
The worm is severely wounded.
You claw the worm!
You kill the worm!
You scratch the jelly.
Your claws burn!
The jelly is heavily wounded.
The jelly closely misses you.
You barely miss the jelly.
The jelly is heavily wounded.
You scratch the jelly.
Your claws burn!
The jelly is heavily wounded.
The jelly hits you but does no damage.
You completely miss the jelly.
The jelly is heavily wounded.
The jelly barely misses you.
You scratch the jelly. The acid corrodes you!
Your claws burn!
The jelly is severely wounded.
The jelly hits you. The acid corrodes you!
You are splashed with acid!
* * * LOW HITPOINT WARNING * * *
You scratch the jelly but do no damage.
Your claws burn!
* * * LOW HITPOINT WARNING * * *
The jelly is severely wounded.
The jelly hits you.
* * * LOW HITPOINT WARNING * * *
The acid corrodes you!
You are splashed with acid!
You die...

#............#######.########
#...[........'...............
#............###..##...######
#####..................###...
#.###+#######'###....'...
##†#..⌠...>...⌠..#.####...
#..#......<......#.##...##
##..+⌠....###....⌠'.#.....#
##...#.....h.......#.#.....#
###..#.#######J#######.......#
#...##.#............ #.#.....#
#...##.#.............#.#.....#
#...##.#.............#.#......
#...##.###############.#.#####
#...##.................#.#...#
#...####..##....########.#...#
#...####.####.....# #......


You could see a jelly.

Vanquished Creatures
  A worm (D:1)
  A dart slug (D:1)
  4 bats (D:1)
  7 endoplasms (D:1)
  A giant cockroach (D:1)
  3 goblins (D:1)
  2 hobgoblins (D:1)
  5 jackals (D:1)
  3 kobolds (D:1)
  2 quokkas (D:1)
  3 ball pythons (D:1)
  3 frilled lizards (D:1)
  2 rats (D:1)
37 creatures vanquished.

Notes
Turn   | Place    | Note
-------+----------+-------------------------------------------
     0 | D:1      | javelincjr the Demonspawn Shapeshifter began the quest for
                  | the Orb.
     0 | D:1      | Reached XP level 1. HP: 15/15 MP: 1/1
     1 | D:1      | Found a runed translucent door.
     3 | D:1      | Noticed a jelly
    61 | D:1      | Gained mutation: You have sharp fingernails. [demonic
                  | ancestry]
    61 | D:1      | Reached XP level 2. HP: 7/21 MP: 2/2
   298 | D:1      | Reached XP level 3. HP: 26/26 MP: 3/3
   314 | D:1      | Found a faded altar of an unknown god.
   855 | D:1      | HP: 1/26 [jelly (2)]
   855 | D:1      | Splashed by a jelly's acid

Illustrated notes

Levels and vault maps discovered:
D:1:      dpeg_arrival_caged_fury, layout_basic,
          shapermc_ecumenical_altar_ellora

Skill      XL: |  1  2 |
---------------+-------+-----
Dodging        | 2 |  2.1
Unarmed Combat | 3 |  3.2
Shapeshifting  | 3 |  3.1
Fighting       | |  1.6

Action                     || total
---------------------------++-------
  Melee: Unarmed           ||    91
   Stab: Sleeping          ||     1
 Armour: Animal skin       ||    31
         Leather armour    ||     8
  Dodge: Dodged            ||    37

Table legend: (Time is in decaauts)
 A = Elapsed time spent in this place.
 B = Non-inter-level travel time spent in this place.
 C = Inter-level travel time spent in this place.
 D = Time resting spent in this place.
 E = Time spent auto-exploring this place.
 F = Levels seen in this place.
 G = Mean time per level.
                   A        B        C        D        E       F      G
               +--------+--------+--------+--------+--------+-----+--------+
         Total |    849 |    849 |      0 |      0 |    639 |   1 |  849.0 |
       Dungeon |    849 |    849 |      0 |      0 |    639 |   1 |  849.0 |
               +--------+--------+--------+--------+--------+-----+--------+

Top non-repeatable levels by time:
     D:1: 849 daAuts
